 Dungeon Crawl Stone Soup version 0.23-a0-49-gd9f7a49 (webtiles) character file.

668 GroovyGamera the Ruffian (level 7, -3/71 HPs)
             Began as a Troll Monk on Aug 6, 2018.
             Slain by Duvessa
             ... wielding a +0 short sword
              (18 damage)
             ... on level 4 of the Dungeon.
             The game lasted 00:05:58 (3024 turns).

GroovyGamera the Ruffian (Troll Monk)               Turns: 3024, Time: 00:05:59

Health: -3/71      AC:  6    Str: 20    XL:     7   Next: 32%
Magic:  6/6        EV: 12    Int:  6    God:
Gold:   147        SH:  0    Dex: 14    Spells: 6/6 levels left

rFire    . . .     SeeInvis .     - Unarmed
rCold    . . .     Gourm    +   (no shield)
rNeg     . . .     Faith    .   a - +0 robe
rPois    .         Spirit   .   (helmet restricted)
rElec    .         Reflect  .   n - +0 cloak
rCorr    .         Harm     .   (gloves unavailable)
MR       .....                  (boots unavailable)
Stlth    ++........             h - amulet of rage
HPRegen  0.61/turn              (no ring)
MPRegen  0.10/turn              (no ring)

@: no status effects
A: large, unfitting armour, claws 3, fast metabolism 3, gourmand, regeneration
1, shaggy fur 1, tough skin 2
a: Evoke Berserk Rage


You were on level 4 of the Dungeon.
You were completely stuffed.

You visited 1 branch of the dungeon, and saw 4 of its levels.

You collected 147 gold pieces.

Inventory:

Missiles
 e - a throwing net
 g - 3 javelins (quivered)
 q - 36 bolts
Armour
 a - a +0 robe (worn)
 n - a +0 cloak (worn)
Jewellery
 h - an amulet of rage (around neck)
 t - a cursed -3 ring of dexterity {unknown}
Scrolls
 c - 4 scrolls of teleportation
 d - 2 scrolls of enchant weapon
 f - 5 scrolls of identify
 i - a scroll of fog {unknown}
 k - a scroll of noise {unknown}
 m - a scroll of fear {unknown}
 p - 2 scrolls of remove curse
 r - a scroll of amnesia {unknown}
 u - a scroll of blinking {unknown}
Potions
 j - a potion of curing
 l - a potion of heal wounds {unknown}
 s - 2 potions of lignification {unknown}
 v - a potion of haste {unknown}
Comestibles
 b - 10 rations
 o - 3 chunks of flesh


   Skills:
 + Level 4.5 Fighting
 + Level 4.5 Dodging
 - Level 1.0 Stealth
 + Level 5.5 Unarmed Combat


You had 6 spell levels left.
You didn't know any spells.
Your spell library contained the following spells:

 Spells                   Type           Power        Failure   Level  Hunger
 Magic Dart               Conj           #...         45%         1    ##.....
 Conjure Flame            Conj/Fire      #.......     83%         3    ####...
 Slow                     Hex            #.......     58%         2    ###....
 Mephitic Cloud           Conj/Pois/Air  #.......     83%         3    ####...
 Blink                    Tloc           N/A          58%         2    ###....
 Call Imp                 Summ           #.......     58%         2    ###....


Dungeon Overview and Level Annotations

Branches:
Dungeon (4/15)
 Temple: D:4-7

Altars:
Ashenzari
Ru

Shops:
D:4 }(

Annotations:
D:4 Duvessa


Innate Abilities, Weirdness & Mutations

You are too large for most types of armour.
You have claws for hands.
Your metabolism is lightning-fast.
You like to eat raw meat.
Your natural rate of healing is unusually fast.
You are covered in fur. (AC +1)
You have very tough skin. (AC +2)


Message History

Duvessa hits you with a short sword! Duvessa hits you with a short sword.
You barely miss Duvessa.
Duvessa is heavily wounded.
Duvessa hits you with a short sword.
* * * LOW HITPOINT WARNING * * *
You scratch Duvessa.
Duvessa is heavily wounded.
Duvessa hits you with a short sword.
* * * LOW HITPOINT WARNING * * *
Duvessa hits you with a short sword.
* * * LOW HITPOINT WARNING * * *
You feel better. Duvessa hits you with a short sword!
* * * LOW HITPOINT WARNING * * *
You closely miss Duvessa.
Duvessa is heavily wounded.
Duvessa closely misses you.
You barely miss Duvessa.
Duvessa is heavily wounded.
Duvessa hits you with a short sword!!
You die...

#####.########.[
#...............
#...............
+...............
#########.......
########..##[......
#..................
#..................
##@###....##...####
#.)e.#######...#
#....# ....# #....#
....# #...∩# #####
######


You could see Duvessa (berserk).

Vanquished Creatures
  An ogre (D:2)
  A water moccasin zombie (D:3)
  2 scorpions (D:4)
  Dowan (D:4)
  Crazy Yiuf (D:2)
  A gnoll shaman (D:2)
  A hound (D:4)
  An orc wizard (D:2)
  A centaur skeleton (D:4)
  3 worker ants (D:4)
  A hound skeleton (D:4)
  3 gnolls (D:2)
  5 adders
  An ooze (D:3)
  4 worms
  A dart slug (D:1)
  2 leopard geckos
  5 orcs
  4 giant cockroaches
  5 goblins
  5 hobgoblins
  9 jackals
  4 kobolds
  3 quokkas
  9 bats
  4 frilled lizards
  A jackal skeleton (D:4)
  4 rats
83 creatures vanquished.

Notes
Turn   | Place    | Note
-------+----------+-------------------------------------------
     0 | D:1      | GroovyGamera the Troll Monk began the quest for the Orb.
     0 | D:1      | Reached XP level 1. HP: 22/22 MP: 0/0
   192 | D:1      | Reached XP level 2. HP: 29/29 MP: 1/1
   594 | D:2      | Noticed an ogre
   597 | D:2      | Killed an ogre
   597 | D:2      | Reached XP level 3. HP: 4/37 MP: 2/2
   597 | D:2      | Reached XP level 4. HP: 4/45 MP: 3/3
   602 | D:2      | Reached skill level 4 in Unarmed Combat
   857 | D:2      | Found a shattered altar of Ashenzari.
   885 | D:2      | Reached XP level 5. HP: 43/53 MP: 4/4
   978 | D:2      | Found a runed door.
  1516 | D:2      | Noticed Crazy Yiuf
  1520 | D:2      | Killed Crazy Yiuf
  1684 | D:3      | Reached XP level 6. HP: 62/62 MP: 5/5
  2447 | D:4      | Reached skill level 5 in Unarmed Combat
  2554 | D:4      | Reached XP level 7. HP: 60/70 MP: 6/6
  2923 | D:4      | Found Oshasygu's Weapon Shop.
  2977 | D:4      | Found a sacrificial altar of Ru.
  3006 | D:4      | Noticed Dowan
  3007 | D:4      | Found Xuv Adgha's Gadget Shoppe.
  3007 | D:4      | Noticed Duvessa
  3014 | D:4      | Killed Dowan
  3024 | D:4      | Slain by Duvessa

Vault maps used:
D:1:      ebering_trefoil_3fold
D:2:      first_ration, ashenzari_altar_1, uniq_crazy_yiuf_cottage
D:3:      minmay_goblin_kobold_house
D:4:      nicolae_ru_the_path_less_chosen, serial_shops, shop, shop,
          uniq_duvessa

Skill      XL: |  1  2  3  4  5  6 |
---------------+-------------------+-----
Fighting       | 3 4 |  4.5
Dodging        | 3 4 |  4.5
Unarmed Combat | 4 5 |  5.5
Stealth        | |  1.0

Action                   |  1- 3 |  4- 6 |  7- 9 || total
-------------------------+-------+-------+-------++-------
Melee: Unarmed           |    44 |   174 |    40 ||   258
       Punch             |     2 |     4 |     1 ||     7
  Use: Scroll            |       |     5 |       ||     5
       Potion            |       |       |     1 ||     1
 Stab: Sleeping          |     2 |     2 |     2 ||     6
       Distracted        |       |       |     1 ||     1
  Eat: Chunk             |     8 |    21 |     4 ||    33
Armor: Robe              |    31 |    49 |     6 ||    86
Dodge: Dodged            |    29 |   104 |    12 ||   145

Table legend:
 A = Spawn XP
 B = Non-spawn XP
 C = Spawn XP percentage of total XP
 D = Spawn monster count
 E = Non-spawn monster count
 F = Spawn count percentage of total count
 G = Total turns spent on level
                    A         B        C        D         E        F      G
               +---------+---------+-------+---------+---------+-------+---------
         Total |       0 |     955 |   0.0 |       0 |      83 |   0.0 |  3024
               +---------+---------+-------+---------+---------+-------+---------
           D:1 |       0 |      26 |   0.0 |       0 |      15 |   0.0 |   563
           D:2 |       0 |     344 |   0.0 |       0 |      27 |   0.0 |  1014
           D:3 |       0 |     161 |   0.0 |       0 |      25 |   0.0 |   696
           D:4 |       0 |     424 |   0.0 |       0 |      16 |   0.0 |   751
               +---------+---------+-------+---------+---------+-------+---------
